 Dungeon Crawl Stone Soup version 0.31.0-4-g52a2dc7128 (webtiles) character file.

Game seed: 11506052924857379795

534 Gottschkopf the Apothecary (level 7, -2/36 HPs)
             Began as a Tengu Alchemist on Jan 23, 2024.
             Was an Initiate of Ru.
             Slain by a troll (10 damage)
             ... on level 6 of the Dungeon.
             The game lasted 00:17:49 (4060 turns).

Gottschkopf the Apothecary (Tengu Alchemist)        Turns: 4060, Time: 00:17:50

Health: -2/36      AC:  2    Str:  8    XL:     7   Next: 25%
Magic:  12/12      EV: 18    Int: 17    God:    Ru [......]
Gold:   265        SH:  0    Dex: 21    Spells: 6/12 levels left

rFire   . . .        e - +1 dagger
rCold   . . .        (no shield)
rNeg    . . .        a - +0 robe
rPois   .            (helmet restricted)
rElec   .            (no cloak)
rCorr   .            (no gloves)
SInv    .            (boots unavailable)
Will    +....        h - amulet of magic regeneration
Stlth   ++           g - +6 ring of dexterity
HPRegen 0.26/turn    o - ring of willpower
MPRegen 0.53/turn

%: acrobat
@: flying
A: beak, talons 3, evasive flight, acrobatic
a: Renounce Religion


You were on level 6 of the Dungeon.
You worshipped Ru.
Ru was noncommittal.
You visited 1 branch of the dungeon, and saw 6 of its levels.

You collected 265 gold pieces.

Inventory:

Hand Weapons
 e - a +1 dagger (weapon)
Armour
 a - a +0 robe (worn)
Jewellery
 g - a +6 ring of dexterity (left hand)
 h - an amulet of magic regeneration (around neck)
 o - a ring of willpower (right hand)
Scrolls
 d - 5 scrolls of teleportation
 k - a scroll of fog
 l - a scroll of fear
 r - a scroll of amnesia {unknown}
Potions
 b - a potion of magic
 c - 2 potions of ambrosia
 f - a potion of brilliance {unknown}
 i - 2 potions of resistance {unknown}
 j - a potion of degeneration {unknown}
 m - a potion of mutation {unknown}
 n - a potion of enlightenment {unknown}
 p - a potion of might {unknown}
 q - 2 potions of attraction {unknown}


   Skills:
 + Level 3.8 Dodging
 - Level 2.0 Stealth
 + Level 3.2 Spellcasting
 - Level 3.6 Conjurations
 + Level 0.0 Necromancy
 - Level 0.6 Translocations
 * Level 3.4 Fire Magic
 - Level 0.6 Ice Magic
 - Level 1.0 Air Magic
 * Level 4.5 Alchemy


You had 6 spell levels left.
You knew the following spells:

 Your Spells              Type           Power      Damage    Failure   Level
a - Sting                 Conj/Alch      64%        1d7       3%          1
b - Olgreb's Toxic Radia  Alch           18%        N/A       26%         4
c - Kiss of Death         Conj/Necr      32%        2d7       9%          1

Your spell library contained the following spells:

 Spells                   Type           Power      Damage    Failure   Level
 Mercury Vapours          Alch/Air       24%        N/A       9%          2
 Cigotuvi's Dreadful Rot  Necr/Alch/Air  18%        N/A       12%         2
 Mephitic Cloud           Conj/Alch/Air  13%        N/A       14%         3
 Lesser Beckoning         Tloc           8%         N/A       21%         2
 Jinxbite                 Hex            4%         N/A       26%         2
 Ignite Poison            Fire/Alch      16%        N/A       32%         4
 Sticky Flame             Fire/Alch      16%        2d5       32%         4
 Gell's Gravitas          Tloc           4%         N/A       38%         3
 Teleport Other           Tloc           4%         N/A       38%         3
 Confusing Touch          Hex            2%         N/A       45%         3
 Tukima's Dance           Hex            2%         N/A       45%         3
 Passage of Golubria      Tloc           4%         N/A       80%         4
 Dispel Undead            Necr           2%         3d7       86%         4
 Yara's Violent Unravell  Hex/Alch       5%         3d4       88%         5
 Freezing Cloud           Conj/Ice/Air   4%         6-21      93%         5
 Enfeeble                 Hex            1%         N/A       100%        7


Dungeon Overview and Level Annotations

Branches:
Dungeon (6/15)
 Temple: D:4-7

Altars:
Ashenzari
Fedhas
Ru
Zin

Annotations:
D:6 Dowan


Innate Abilities, Weirdness & Mutations

You have a beak for a mouth.
You have claws for feet.
Your magical flight helps you evade attacks. (EV +4)
You can magically evade attacks while moving or waiting.


Message History

r - a scroll labelled POCLA ZAMOHA
Casting: Sting (safe; 3% risk of failure)
Confirm with . or Enter, or press ? or * to list all spells.
The sting hits the wight but does no damage.
Casting: Sting (safe; 3% risk of failure)
Confirm with . or Enter, or press ? or * to list all spells.
The sting hits the wight.
The wight partially resists.
The wight is lightly damaged.
Press: ? - help, v - describe, . - travel
Here: a wight, wielding a +0 long sword and wearing a +0 ring mail (lightly damaged)
The floor.
A wight is nearby!
Press: ? - help, v - describe, . - travel
Here: a wight, wielding a +0 long sword and wearing a +0 ring mail (lightly damaged)
The floor.
Casting: Sting (safe; 3% risk of failure)
Confirm with . or Enter, or press ? or * to list all spells.
You can't see any susceptible monsters within range! (Use Z to cast anyway.) Unknown command.
The wight attacks as it pursues you! The wight misses you.
The wight attacks as it pursues you! The wight completely misses you.
The wight attacks as it pursues you! The wight misses you.
Found 15 gold pieces.
The wight attacks as it pursues you! The wight misses you.
The wight attacks as it pursues you! The wight completely misses you.
The wight attacks as it pursues you! The wight completely misses you.
You see here a metallic blue potion.
The wight attacks as it pursues you! The wight misses you.
The wight attacks as it pursues you! The wight completely misses you.
There is a stone staircase leading down here.
The wight hits you with a +0 long sword!
You fly downwards.
Level annotation: Dowan Dowan shouts!
Dowan seems to find hidden reserves of power!
The troll shouts!
The orc shouts!
The troll bites you. The troll claws you!
* * * LOW HITPOINT WARNING * * *
The troll claws you!
You die...

##.####..#
y.. ....# #o#
#...#
#.###...#
#h##....#
#.##..#.#
#.##..#.#
#.ezT...# #
####@.###
#.####..###
#......)..#
####......#
#o.....#
#......#
#.."...# #
#..##.## #.
#..##.#######


You could see a troll, Dowan (fast), a wight and an orc.

Vanquished Creatures
  Duvessa (D:6)
  An ogre (D:4)
  A howler monkey (D:4)
  3 hounds (D:4)
  A sleepcap (D:5)
  An iguana (D:4)
  An orc wizard (D:6)
  4 gnolls (D:4)
  4 adders
  3 ribbon worms (D:3)
  2 dart slugs
  4 orcs (D:6)
  5 ball pythons
  5 endoplasms
  2 giant cockroaches (D:1)
  2 goblins
  8 hobgoblins
  3 kobolds
  4 quokkas
  A bat (D:2)
  3 frilled lizards
  3 rats
62 creatures vanquished.

Notes
Turn   | Place    | Note
-------+----------+-------------------------------------------
     0 | D:1      | Gottschkopf the Tengu Alchemist began the quest for the
                  | Orb.
     0 | D:1      | Reached XP level 1. HP: 10/10 MP: 4/4
   166 | D:1      | Reached XP level 2. HP: 15/15 MP: 0/6
   710 | D:1      | Reached XP level 3. HP: 19/19 MP: 3/7
  1225 | D:2      | Reached skill level 3 in Alchemy
  1927 | D:3      | Reached XP level 4. HP: 21/24 MP: 4/8
  2439 | D:3      | Found a blossoming altar of Fedhas.
  2440 | D:3      | Found a glowing silver altar of Zin.
  2802 | D:4      | Noticed a phantom
  2966 | D:4      | Reached skill level 1 in Fire Magic
  3023 | D:4      | Found a broken altar of Ashenzari.
  3132 | D:4      | Reached XP level 5. HP: 12/28 MP: 5/9
  3433 | D:4      | Noticed an ogre
  3452 | D:4      | Reached XP level 6. HP: 32/32 MP: 9/11
  3492 | D:4      | Reached skill level 4 in Alchemy
  3552 | D:4      | Reached skill level 1 in Air Magic
  3597 | D:4      | Learned a level 4 spell: Olgreb's Toxic Radiance
  3623 | D:4      | Found a sacrificial altar of Ru.
  3626 | D:4      | Became a worshipper of Ru the Awakened
  3683 | D:5      | Entered Level 5 of the Dungeon
  3784 | D:6      | Gained mutation: Your magical flight helps you evade
                  | attacks. (EV +4) [Tengu growth]
  3784 | D:6      | Reached XP level 7. HP: 18/36 MP: 8/12
  3881 | D:6      | Noticed Duvessa
  3884 | D:6      | Noticed Dowan
  3888 | D:6      | Noticed a troll
  3955 | D:6      | Killed Duvessa
  3968 | D:5      | Learned a level 1 spell: Kiss of Death
  4060 | D:6      | Slain by a troll

Illustrated notes

Levels and vault maps discovered:
D:1:      dpeg_arrival_boxes_within_box, layout_basic
D:2:      layout_loops_cross
D:3:      wad_lake_hut, layout_basic,
          chequers_temple_overflow_statue_of_worship, minmay_statues_item
D:4:      layout_loops_ring, lemuel_crystal_altar, kennysheep_mini_moat,
          fountainhead
D:5:      layout_rooms, mainiacjoe_overflow_alcove_1,
          gammafunk_temple_overflow_claw, minivault_23, sword_in_stone
D:6:      layout_loops_ring, minmay_temple_entry_slanted, chequers_mini_garden,
          uniq_pikel, uniq_duvessa

Skill      XL: |  1  2  3  4  5  6 |
---------------+-------------------+-----
Conjurations   | 2 3 |  3.6
Alchemy        | 3 4 |  4.5
Fire Magic     | 1 2 3 |  3.4
Dodging        | 3 |  3.8
Air Magic      | 1 |  1.0
Spellcasting   | 3 |  3.2
Stealth        | |  2.0
Translocations | |  0.6
Ice Magic      | |  0.6

Action                     |  1- 3 |  4- 6 |  7- 9 || total
---------------------------+-------+-------+-------++-------
  Melee: Unarmed           |     7 |       |       ||     7
         Peck              |     2 |     1 |       ||     3
         Punch             |     1 |       |       ||     1
         Kick              |     2 |     3 |       ||     5
         Dagger            |       |     6 |     1 ||     7
   Cast: Sting             |    82 |    92 |    13 ||   187
    Use: Scroll            |       |     5 |     1 ||     6
 Armour: Robe              |     7 |    39 |     6 ||    52
  Dodge: Dodged            |    17 |    50 |    21 ||    88
